 Dungeon Crawl Stone Soup version 0.31-a0-219-g8d62b2e7bb (webtiles) character file.

Game seed: 13490204441267946243

240 qw the Shooter (level 5, 0/45 HPs)
             Began as a Minotaur Hexslinger on July 3, 2023.
             Slain by a phantom (6 damage)
             ... on level 4 of the Dungeon.
             The game lasted 00:00:58 (2972 turns).

qw the Shooter (Minotaur Hexslinger)                Turns: 2972, Time: 00:00:59

Health: 0/45       AC:  5    Str: 18    XL:     5   Next: 80%
Magic:  5/5        EV: 11    Int: 10    God:
Gold:   242        SH:  0    Dex: 15    Spells: 5/6 levels left

rFire   . . .        Y - +2 sling (heavy)
rCold   . . .        (no shield)
rNeg    . . .        i - +0 ring mail
rPois   .            (helmet unavailable)
rElec   .            (no cloak)
rCorr   .            (no gloves)
SInv    .            (no boots)
Will    .....        (no amulet)
Stlth   +            d - +6 ring of strength
HPRegen 0.27/turn    (no ring)
MPRegen 0.09/turn

%: no passive effects
@: about to teleport
A: horns 3, retaliatory headbutt, fangs 1
a: no special abilities


You were on level 4 of the Dungeon.
You visited 1 branch of the dungeon, and saw 4 of its levels.

You collected 242 gold pieces.


Innate Abilities, Weirdness & Mutations

You have a pair of large horns on your head.
You reflexively headbutt those who attack you in melee.
You have very sharp teeth.


   Skills:
 + Level 3.2 Fighting
 - Level 6.0 Ranged Weapons
 - Level 1.1 Armour
 - Level 2.1 Dodging
 - Level 1.0 Spellcasting
 - Level 2.0 Hexes


You had 5 spell levels left.
You knew the following spells:

 Your Spells              Type           Power      Damage    Failure   Level
a - Slow                  Hex            16%        N/A       26%         1

Your spell library contained the following spells:

 Spells                   Type           Power      Damage    Failure   Level
 Inner Flame              Hex/Fire       2%         N/A       77%         3
 Portal Projectile        Hex/Tloc       4%         N/A       77%         3
 Cause Fear               Hex            2%         N/A       95%         4

Inventory:

Hand Weapons
 Y - a +2 heavy sling (weapon)
Armour
 i - a +0 ring mail (worn)
Jewellery
 d - a +6 ring of strength (left hand)
Scrolls
 b - a scroll of identify
 h - a scroll of vulnerability {unknown}
 j - a scroll of brand weapon
Potions
 c - a potion of heal wounds {unknown}
 e - 2 potions of might {unknown}
 f - a potion of curing {unknown}
 g - a potion of mutation

Dungeon Overview and Level Annotations

Branches:
Dungeon (4/15)
 Temple: D:4-7

Altars:

Shops:
D:1 *

Annotations:
D:1 2 transporters


Message History

Enter note:
Enter note:
Enter note:
Enter note: You shoot a sling bullet.
The sling bullet hits the phantom!
The phantom is heavily damaged.
The phantom hits you.
The phantom blinks!
You blink.
The goblin hits you with a +0 dagger.
You shoot a sling bullet. The sling bullet hits the phantom.
The phantom is severely damaged.
The hound closely misses you. You furiously retaliate!
You headbutt the hound! The goblin hits you with a +0 dagger.
The phantom barely misses you. The hound bites you but does no damage.
The goblin closely misses you. The phantom hits you.
The phantom blinks!
You blink.
Enter note:
Enter note:
Enter note:
Enter note:
Enter note:
Enter note: You shoot a sling bullet.
The sling bullet barely misses the phantom.
The phantom hits you. The phantom barely misses you.
You shoot a sling bullet. The sling bullet hits the phantom.
The phantom is severely damaged.
The phantom hits you.
The phantom hits you but does no damage.
2970 ||| READING scroll of teleportation.
As you read the scroll of teleportation, it crumbles to dust.
You feel strangely unstable. The hound bites you. The phantom hits you.
The phantom blinks!
You blink.
You shoot a sling bullet.
The sling bullet closely misses the phantom.
The sling bullet hits the goblin!
You kill the goblin!
The phantom hits you.
The phantom blinks!
You blink.
You shoot a sling bullet. The sling bullet hits the phantom.
The phantom is almost destroyed.
The phantom closely misses you. The phantom hits you.
You die...

####.............................
.................................
..>..........................####
............#..#...........###
..........###............###
..........##..............#####
#####.#..........####.##......#
#..............# #.##.####.###
#............@.# #)##...##...#
##.#..........W# #)####.####.#
..............# #.# #.# #.#
..............# #.# #.####..
............h.###.# #..#....
...<......%(......#####......
..........%...#......>.......
...........¤..)¤....#####....
..############......## #####


You could see a phantom and a hound.

Vanquished Creatures
  A scorpion (D:4)
  A gnoll bouda (D:4)
  5 gnolls (D:4)
  2 adders (D:4)
  2 ufetubi (D:4)
  A worm (D:3)
  2 dart slugs
  An orc (D:3)
  5 ball pythons
  6 endoplasms
  4 giant cockroaches
  6 goblins
  7 hobgoblins
  7 kobolds
  2 quokkas
  6 bats
  A frilled lizard (D:1)
  10 rats
69 creatures vanquished.

Notes
Turn   | Place    | Note
-------+----------+-------------------------------------------
     0 | D:1      | qw the Minotaur Hexslinger began the quest for the Orb.
     0 | D:1      | Reached XP level 1. HP: 16/16 MP: 1/1
     0 | D:1      | 0 ||| qw: Version: 0.3-a-40-ge99b1a8
     0 | D:1      | 0 ||| qw: Game counter: 407
     0 | D:1      | 0 ||| qw: Melee chars always use a shield: true
     0 | D:1      | 0 ||| qw: God list: Okawaru
     0 | D:1      | 0 ||| qw: Allow faded altars: false
     0 | D:1      | 0 ||| qw: Do Orc after clearing Dungeon:15 true
     0 | D:1      | 0 ||| qw: Do second Lair branch before Depths: true
     0 | D:1      | 0 ||| qw: Lair rune preference: random
     0 | D:1      | 0 ||| qw: Goals: Normal
     0 | D:1      | 0 ||| PLANNING D:1-11
    39 | D:1      | Reached skill level 3 in Ranged Weapons
    57 | D:1      | Reached XP level 2. HP: 23/23 MP: 2/2
    93 | D:1      | Found a faded altar of an unknown god.
   678 | D:1      | Found a transporter.
   678 | D:1      | Found Qushi's Assorted Antiques.
   698 | D:1      | Found a transporter.
   704 | D:1      | 704 ||| UPGRADING to +6 ring of strength.
   705 | D:1      | 705 ||| DROPPING ring of flight.
   706 | D:1      | 706 ||| READING scroll labelled SUMAN SIAMAJ.
   707 | D:1      | 707 ||| READING scroll labelled QIUVUMIPPE.
   708 | D:1      | 708 ||| DROPPING scroll of poison.
  1055 | D:2      | Reached XP level 3. HP: 29/29 MP: 3/3
  1485 | D:2      | 1485 ||| DROPPING scarf of invisibility.
  1486 | D:2      | 1486 ||| UPGRADING to +0 leather armour.
  1496 | D:2      | 1496 ||| DROPPING +0 robe.
  1497 | D:2      | 1497 ||| DRINKING 2 smoky ruby potions.
  1497 | D:2      | Gained mutation: You have a pair of large horns on your
                  | head. [potion of mutation]
  1497 | D:2      | Gained mutation: You have very sharp teeth. [potion of
                  | mutation]
  1770 | D:3      | Reached skill level 4 in Ranged Weapons
  2427 | D:3      | 2427 ||| UPGRADING to +0 ring mail.
  2437 | D:3      | 2437 ||| DROPPING +0 leather armour.
  2438 | D:3      | 2438 ||| READING 2 scrolls labelled LERAACE LETALI.
  2439 | D:3      | 2439 ||| READING scroll labelled YMIMOKU ZUITA.
  2443 | D:3      | 2443 ||| READING scroll labelled WIUNAL QIOH.
  2444 | D:3      | 2444 ||| READING scroll labelled JAFILO QOOXZA.
  2445 | D:3      | 2445 ||| READING scroll labelled VAIS ANEASEUJO.
  2446 | D:3      | 2446 ||| DROPPING scroll of fog.
  2460 | D:4      | Reached XP level 4. HP: 36/36 MP: 4/4
  2495 | D:4      | HP: 9/36 [gnoll bouda/+0 whip (5)]
  2496 | D:4      | Reached skill level 5 in Ranged Weapons
  2496 | D:4      | HP: 2/36 [gnoll bouda/+0 whip (7)]
  2500 | D:4      | Reached skill level 3 in Fighting
  2500 | D:4      | Reached XP level 5. HP: 5/45 MP: 5/5
  2682 | D:4      | Reached skill level 1 in Armour
  2960 | D:4      | Noticed a phantom
  2965 | D:4      | Reached skill level 6 in Ranged Weapons
  2969 | D:4      | HP: 10/45 [phantom (5)]
  2970 | D:4      | 2970 ||| READING scroll of teleportation.
  2972 | D:4      | Slain by a phantom

Levels and vault maps discovered:
D:1:      ncdulo_lavacross, layout_rooms, serial_shops, nicolae_shop_drivethru,
          ebering_ecumenical_altar_webs, minivault_5,
          corexii_item_surrounded_by_moat, corexii_hall_statues_deadend,
          hex_medium, chequers_mini_garden
D:2:      layout_basic, serial_bayou_pond_a
D:3:      layout_basic, columned_hall_lemuel
D:4:      layout_rooms

Skill      XL: |  1  2  3  4  5 |
---------------+----------------+-----
Ranged Weapons | 3 4 5 6 |  6.0
Fighting       | 2 3 |  3.2
Armour         | 1 |  1.1
Dodging        | |  2.1
Spellcasting   | |  1.0
Hexes          | |  2.0

Action                     |  1- 3 |  4- 6 || total
---------------------------+-------+-------++-------
   Fire: Sling             |   164 |    56 ||   220
    Use: Scroll            |     7 |     1 ||     8
         Potion            |     1 |       ||     1
 Armour: Robe              |    11 |       ||    11
         Ring mail         |     1 |    17 ||    18
         Leather armour    |     1 |       ||     1
  Dodge: Dodged            |    43 |    43 ||    86

Table legend:
 A = Non-vault XP
 B = Vault XP
 C = Vault XP percentage of total XP
 D = Non-vault monster count
 E = Vault monster count
 F = Vault count percentage of total count
                 A         B        C        D         E       F
            +---------+---------+-------+---------+---------+-------
      Total |     344 |       0 |   0.0 |      69 |       0 |   0.0
            +---------+---------+-------+---------+---------+-------
        D:1 |      32 |       0 |   0.0 |      18 |       0 |   0.0
        D:2 |      13 |       0 |   0.0 |       8 |       0 |   0.0
        D:3 |      43 |       0 |   0.0 |      24 |       0 |   0.0
        D:4 |     256 |       0 |   0.0 |      19 |       0 |   0.0
            +---------+---------+-------+---------+---------+-------
